AoeStats
← zamithdaniel

Lombardia

507580871Analyzed
2v2 RM · 14d ago on Sep 18, 2026· 58m 38s· 4 players
Game mode
Random Map
Map size
Medium (4 player)
Population
200
Speed
Normal
Resources
Standard
Victory
Conquest
Starting age
Dark Age
Ending age
Imperial Age
RankedLock teamsTeams togetherTeam positionsShared explorationLock speedFull tech treeHidden civsTurbo modeCheats
Victory
Defeat
🇮🇪 Khmer · Ireland
1005
+14
🇮🇪 Persians · Ireland
988
+15
🇨🇴 Turks · Colombia
969
-15
🇫🇷 Persians · France
959
-14
dark_29
0:26 Loom
10:11 Feudal Age
10:44 Double-Bit Axe
10:42 Horse Collar
17:14 Gold Mining
20:48 Castle Age
19:54 Bloodlines
20:12 Scale Barding Armor
20:19 Forging
20:14 Padded Archer Armor
21:46 Husbandry
21:43 Stone Mining
22:07 Heavy Plow
22:20 Bow Saw
23:21 Leather Archer Armor
22:57 Fletching
23:48 Wheelbarrow
31:18 Imperial Age
30:00 Murder Holes
30:26 Ballistics
31:41 Kamandaran
31:13 Crossbowman
32:18 Thumb Ring
32:16 Bodkin Arrow
32:49 Cavalier
36:17 Savar
38:35 Two-Man Saw
40:36 Pikeman
41:18 Squires
41:05 Arson
41:34 Scale Mail Armor
43:44 Chemistry
45:16 Heavy Camel Rider
51:40 Citadels
51:42 Halberdier
zamithdaniel
11:22 Feudal Age
12:10 Horse Collar
12:18 Double-Bit Axe
21:59 Castle Age
22:31 Stone Mining
22:35 Gold Mining
25:00 Bow Saw
24:53 Heavy Plow
33:13 Imperial Age
30:48 Loom
31:40 Wheelbarrow
30:55 Town Watch
32:02 Scale Barding Armor
32:09 Forging
32:00 Padded Archer Armor
33:10 Gold Shaft Mining
34:00 Husbandry
34:12 Bloodlines
34:28 Conscription
35:33 Leather Archer Armor
35:54 Iron Casting
35:40 Chain Barding Armor
36:27 Elite Janissary
38:31 Ring Archer Armor
39:03 Blast Furnace
39:25 Two-Man Saw
38:54 Hand Cart
39:01 Fortified Wall
46:06 Ballistics
48:56 Plate Barding Armor
48:14 Fletching
ninjahawkfox69
11:42 Feudal Age
10:05 Loom
12:18 Double-Bit Axe
13:36 Wheelbarrow
15:57 Gold Mining
18:56 Castle Age
18:28 Horse Collar
18:41 Gold Mining
19:12 Bloodlines
19:16 Stone Mining
20:48 Bow Saw
23:47 Husbandry
23:57 Heavy Plow
24:53 Scale Barding Armor
27:43 Hand Cart
28:37 Gold Shaft Mining
30:00 Town Watch
33:01 Imperial Age
32:21 Chain Barding Armor
31:52 Fletching
32:13 Forging
32:04 Padded Archer Armor
32:19 Masonry
32:30 Ballistics
32:06 Murder Holes
34:20 Two-Man Saw
34:54 Kamandaran
34:41 Cavalier
35:17 Crossbowman
36:09 Thumb Ring
37:00 Bodkin Arrow
38:46 Gold Shaft Mining
39:17 Plate Barding Armor
38:58 Leather Archer Armor
39:18 Iron Casting
41:33 Hoardings
41:33 Architecture
42:19 Savar
45:04 Blast Furnace
44:35 Ring Archer Armor
46:39 Caravan
49:01 Light Cavalry
Hughdini
10:39 Feudal Age
11:31 Loom
12:22 Wheelbarrow
15:41 Castle Age
17:19 Double-Bit Axe
17:16 Horse Collar
18:47 Heavy Plow
19:00 Bow Saw
23:07 Hand Cart
25:04 Gold Mining
28:28 Bloodlines
28:18 Husbandry
29:41 Scale Barding Armor
29:47 Forging
32:30 Chain Barding Armor
32:45 Iron Casting
36:31 Imperial Age
34:20 Caravan
35:02 Fletching
37:24 Tusk Swords
37:22 Bodkin Arrow
37:28 Murder Holes
37:44 Masonry
37:24 Elite Battle Elephant
39:13 Plate Barding Armor
40:08 Heavy Scorpion
42:09 Blast Furnace
42:07 Ballistics
41:54 Siege Engineers
44:17 Bracer
45:19 Chemistry
44:50 Architecture
45:47 Fortified Wall
48:21 Double Crossbow
Connection lost

Rejoining the realm…

Still unreachable

The connection could not be restored.

Session expired

The server has moved on; the page needs a fresh start.